Map: Lightshade LE

Players

zuka - Winner!

  • Race: Protoss Protoss
  • League: Master
  • Spawn Location: 11:00

Pea

  • Race: Protoss Protoss
  • League: Master
  • Spawn Location: 5:00

VOD

https://youtu.be/mAStoVHAveE

Description

Time

  • Played on: Oct. 24, 2020, 3:01 p.m.
  • Length: 6:38
Show
View Real Time Build Order
Export as new Build Order

zuka Protoss - Winner!

Build Orders: Oracle Opening 

Get SALT Encoding   

  12  0:01  Probe  
  13  0:13  Probe  
  14  0:17  Pylon  
  14  0:25  Probe (Chrono Boost)  
  16  0:36  Probe (Chrono Boost)  
  16  0:38  Gateway  
  16  0:41  Probe  
  16  0:48  Assimilator  
  17  0:53  Probe  
  18  0:59  Pylon  
  18  1:05  Probe  
  18  1:08  Assimilator  
  19  1:17  Probe  
  20  1:25  Cybernetics Core  
  20  1:30  Probe  
  21  1:42  Probe, Pylon  
  22  1:54  Probe  
  23  2:05  Nexus  
  23  2:11  Stalker (Chrono Boost)  
  25  2:15  Warp Gate  
  25  2:25  Stargate  
  25  2:34  Shield Battery  
  24  2:41  Stalker  
  24  2:44  Probe  
  27  2:56  Probe  
  27  2:58  Pylon  
  28  3:17  Probe, Oracle (Chrono Boost)  
  32  3:22  Shield Battery  
  30  3:30  Probe  
  31  3:34  Probe  
  31  3:38  Void Ray (Chrono Boost)  
  32  3:42  Probe  
  32  3:45  Robotics Facility  
  37  3:48  Probe  
  38  3:56  Pylon  
  38  3:59  Shield Battery  
  39  4:06  Zealot  
  39  4:08  Probe  
  41  4:11  Void Ray, Probe  
  46  4:27  Shield Battery  
  46  4:29  Shield Battery  
  41  4:33  Zealot  
  43  4:39  Pylon  
  43  4:44  Immortal (Chrono Boost)  
  44  5:00  Zealot, Void Ray (Chrono Boost)  
  44  5:03  Shield Battery  
  50  5:17  Immortal (Chrono Boost)  
  50  5:21  Shield Battery  
  49  5:48  Stalker  
  45  5:52  Immortal (Chrono Boost)  
  43  6:22  Stalker  
Show
View Real Time Build Order
Export as new Build Order

Pea Protoss 

Build Orders:  

Get SALT Encoding   

  12  0:00  Probe  
  13  0:12  Probe  
  14  0:17  Pylon  
  14  0:24  Probe (Chrono Boost)  
  15  0:36  Probe (Chrono Boost)  
  15  0:37  Gateway  
  16  0:44  Probe (Chrono Boost)  
  16  0:46  Assimilator  
  17  0:51  Probe  
  17  0:55  Assimilator  
  18  1:03  Probe  
  19  1:15  Probe  
  20  1:20  Gateway  
  20  1:30  Cybernetics Core  
  20  1:33  Probe  
  21  1:41  Pylon  
  21  1:45  Probe  
  22  1:58  Probe  
  23  2:07  Stalker x2 (Chrono Boost)  
  23  2:08  Warp Gate  
  27  2:17  Probe  
  28  2:33  Pylon  
  28  2:41  Stalker  
  30  2:51  Stalker, Robotics Facility  
  32  2:54  Gateway  
  30  3:35  Immortal (Chrono Boost)  
  34  3:44  Pylon  
  34  3:57  Stalker x2  
  34  4:02  Stalker  
  40  4:07  Warp Prism  
  42  4:15  Probe  
  43  4:31  Stalker x2  
  45  4:47  Stalker  
  47  5:05  Pylon  
  47  5:06  Pylon  
  47  5:20  Immortal (Chrono Boost)  
  45  5:21  Stalker  
  45  5:24  Stalker  
  45  5:25  Stalker  
  45  5:50  Stalker x3  
  41  6:14  Stalker  
  41  6:15  Stalker x2  
Tags
 
Add a new tag
Caveats
  • Supply blocks, unpowered buildings, or Contaminate may cause inaccurate times.
  • Supply counts are checked every 10 seconds.